 Dungeon Crawl Stone Soup version 0.29.1-15-g9cfb28693d (webtiles) character file.

Game seed: 3859027837616536560

300 LustLizard the Gusty (level 5, -1/40 HPs)
             Began as a Demigod Air Elementalist on Mar 31, 2023.
             Killed by their own static electricity (2 damage)
             ... on level 3 of the Dungeon.
             The game lasted 00:07:10 (4736 turns).

LustLizard the Gusty (Demigod Air Elementalist)     Turns: 4736, Time: 00:07:12

Health: -1/40      AC:  7    Str: 13    XL:     5   Next: 89%
Magic:  0/11       EV: 11    Int: 17    God:
Gold:   200        SH:  0    Dex: 14    Spells: 2/8 levels left

rFire   . . .      SeeInvis .   o - staff of conjuration
rCold   + . .      Faith    .   (no shield)
rNeg    + . .      Spirit   .   s - +3 leather armour "Gofruhue" {rN+}
rPois   .          Reflect  .   (no helmet)
rElec   .          Harm     .   t - +0 cloak
rCorr   .          Rampage  .   (no gloves)
Will    .....                   (no boots)
Stlth   ++........              (no amulet)
HPRegen 0.13/turn               h - ring of protection from cold
MPRegen 0.12/turn               (no ring)

@: no status effects
A: high MP 1, forlorn, divine attributes
a: no special abilities


You were on level 3 of the Dungeon.
You visited 1 branch of the dungeon, and saw 3 of its levels.

You collected 200 gold pieces.

Inventory:

Armour
 s - the +3 leather armour "Gofruhue" (worn) {rN+}
   (You took it off an orc on level 3 of the Dungeon)

   rN:        It protects you from negative energy.
 t - a +0 cloak (worn)
Magical Staves
 o - a staff of conjuration (weapon)
Jewellery
 h - a ring of protection from cold (left hand)
Scrolls
 c - a scroll of immolation {unknown}
 f - a scroll of noise {unknown}
 i - a scroll of fear {unknown}
 j - a scroll of teleportation
 m - a scroll of summoning {unknown}
 n - a scroll of blinking {unknown}
 q - a scroll of enchant armour {unknown}
Potions
 a - a potion of mutation
 b - a potion of magic
 e - a potion of lignification {unknown}
 k - a potion of degeneration {unknown}
 l - 2 potions of curing
 p - a potion of flight {unknown}
 r - a potion of experience {unknown}


   Skills:
 + Level 1.4 Fighting
 - Level 1.7 Dodging
 + Level 2.7 Stealth
 + Level 2.3 Spellcasting
 * Level 2.9 Conjurations
 * Level 3.9 Air Magic
 * Level 1.9 Poison Magic


You had 2 spell levels left.
You knew the following spells:

 Your Spells              Type           Power      Damage    Failure   Level
a - Shock                 Conj/Air       80%        1d8       6%          1
b - Mephitic Cloud        Conj/Pois/Air  18%        N/A       22%         3
c - Static Discharge      Conj/Air       20%        3-6/arc   9%          2

Your spell library contained the following spells:

 Spells                   Type           Power      Damage    Failure   Level
 Magic Dart               Conj           68%        1d6       7%          1
 Call Imp                 Summ           1%         N/A       36%         2
 Swiftness                Air            15%        N/A       14%         3
 Airstrike                Air            7%         2d(2-18)  43%         4
 Irradiate                Conj/Tmut      5%         3d13      98%         5
 Blade Hands              Tmut           0%         N/A       100%        5
 Dragon Form              Tmut           0%         N/A       100%        7


Dungeon Overview and Level Annotations

Branches:
Dungeon (3/15)


Innate Abilities, Weirdness & Mutations

You have an increased reservoir of magic. (+10% MP)
You shall have no god before yourself.
Your divine heritage dramatically boosts your attributes as you level up.


Message History

You feel a surge of power!
The gnoll is struck by an arc of lightning.
You kill the gnoll!
You are struck by an arc of lightning.
The gnoll barely misses you.
Unknown command.
The gnoll closely misses you.
You barely miss the gnoll.
The gnoll is moderately wounded.
The gnoll barely misses you. x2
Casting: Static Discharge (safe; 9% risk of failure)
Confirm with . or Enter, or press ? or * to list all spells.
You don't have enough magic to cast this spell.
Unknown command.
You closely miss the gnoll.
The gnoll is moderately wounded.
The gnoll hits you with a +0 halberd!
You hit the gnoll but do no damage.
The gnoll is moderately wounded.
The gnoll hits you with a +0 halberd!
Casting: Static Discharge (safe; 9% risk of failure)
Confirm with . or Enter, or press ? or * to list all spells.
You don't have enough magic to cast this spell.
You hit the gnoll.
The gnoll is heavily wounded.
The gnoll hits you with a +0 halberd!
* * * LOW HITPOINT WARNING * * *
Casting: Static Discharge (safe; 9% risk of failure)
Confirm with . or Enter, or press ? or * to list all spells.
You don't have enough magic to cast this spell.
Unknown command.
You hit the gnoll.
The gnoll is severely wounded.
The gnoll hits you but does no damage.
Casting: Static Discharge (safe; 9% risk of failure)
Confirm with . or Enter, or press ? or * to list all spells.
You feel a surge of power!
The gnoll is struck by an arc of lightning!
You kill the gnoll!
You are struck by an arc of lightning.
You die...

#..........##.#......#...
#.............#......#...
#.........#####......#...
#.........# #......#...
#.........# #......#...
#.........# #......#...
#.........# ###########
#.......))# #......)@.#
#.........# ###########


There were no monsters in sight!

Vanquished Creatures
  A water moccasin (D:3)
  2 orc wizards (D:3)
  4 gnolls (D:3)
  4 adders
  A dart slug (D:2)
  8 orcs
  5 ball pythons
  An endoplasm (D:3)
  2 giant cockroaches
  3 hobgoblins
  7 jackals
  7 quokkas
  3 bats (D:3)
  7 frilled lizards
  4 goblins (D:1)
  10 kobolds
  7 rats
76 creatures vanquished.

Notes
Turn   | Place    | Note
-------+----------+-------------------------------------------
     0 | D:1      | LustLizard the Demigod Air Elementalist began the quest for
                  | the Orb.
     0 | D:1      | Reached XP level 1. HP: 14/14 MP: 5/5
    10 | D:1      | Reached skill level 1 in Conjurations
   135 | D:1      | Reached XP level 2. HP: 20/20 MP: 0/7
   367 | D:1      | Reached skill level 3 in Air Magic
  1471 | D:2      | Reached XP level 3. HP: 27/27 MP: 5/8
  1575 | D:2      | Learned a level 3 spell: Mephitic Cloud
  2590 | D:3      | Reached XP level 4. HP: 34/34 MP: 6/9
  2714 | D:3      | Identified the +3 leather armour "Gofruhue" {rN+}
  2989 | D:3      | Reached skill level 1 in Fighting
  2989 | D:3      | Reached skill level 1 in Poison Magic
  3101 | D:3      | Noticed a water moccasin
  4032 | D:3      | Learned a level 2 spell: Static Discharge
  4344 | D:3      | Reached XP level 5. HP: 40/40 MP: 7/11
  4566 | D:3      | Killed a water moccasin
  4734 | D:3      | HP: 1/40 [gnoll/+0 halberd (12)]
  4736 | D:3      | Killed from afar by themself

Illustrated notes

Levels and vault maps discovered:
D:1:      shiori_arrival_maze, layout_basic, minmay_tromino_v2
D:2:      layout_loops_ring, basic_altar, basic_ecumenical_altar,
          serial_park_tiny_pond
D:3:      layout_basic, kennysheep_decorative_pillar

Skill      XL: |  1  2  3  4 |
---------------+-------------+-----
Conjurations   | 1 2 |  2.9
Air Magic      | 3 |  3.9
Stealth        | 2 |  2.7
Spellcasting   | 2 |  2.3
Fighting       | 1 |  1.4
Poison Magic   | 1 |  1.9
Dodging        | |  1.7

Action                   |  1- 3 |  4- 6 || total
-------------------------+-------+-------++-------
Melee: Unarmed           |    16 |       ||    16
       Short sword       |     8 |       ||     8
       Staff             |     2 |    12 ||    14
       Punch             |     1 |       ||     1
 Cast: Shock             |   104 |    65 ||   169
       Static Discharge  |       |     4 ||     4
  Use: Scroll            |     1 |     5 ||     6
       Potion            |       |     1 ||     1
Armor: Robe              |    12 |       ||    12
       Leather armour    |       |     4 ||     4
Dodge: Dodged            |    36 |    34 ||    70
